 Seeded DCSS version 0.27-a0-46-g34d46f0a3f (webtiles) character file.

Game seed: 444909010 (custom seed)

53292 muata the Grappler (level 14, -11/143 HPs)
             Began as a Troll Berserker on Jan 6, 2021.
             Was an Elder of Trog.
             Mangled by a white ugly thing (23 damage)
             ... on level 15 of the Dungeon.
             The game lasted 01:31:23 (14622 turns).

muata the Grappler (Troll Berserker)               Turns: 14622, Time: 01:31:23

Health: -11/143    AC:  0    Str: 37    XL:     14   Next: 30%
Magic:  13/13      EV: 15    Int:  3    God:    Trog [****..]
Gold:   1021       SH:  0    Dex: 10    Spells: 13/13 levels left

rFire    . . .     SeeInvis .     - Unarmed
rCold    . . .     Faith    .   (no shield)
rNeg     . . .     Spirit   .   C - +2 troll leather armour
rPois    .         Reflect  .   N - +2 hat
rElec    .         Harm     .   y - +2 cloak
rCorr    .         Rampage  .   (gloves unavailable)
Will     +....                  (boots unavailable)
Stlth    ++........             F - amulet of magic regeneration
HPRegen  1.13/turn              I - +6 ring of strength
MPRegen  0.38/turn              M - ring of stealth

@: corroded, berserk cooldown, slowed, very slow
A: large, unfitting armour, claws 3, regeneration 1, shaggy fur 1, tough skin 3
a: Renounce Religion, Berserk, Trog's Hand, Brothers in Arms


You were on level 15 of the Dungeon.
You worshipped Trog.
Trog was greatly pleased with you.
You visited 1 branch of the dungeon, and saw 15 of its levels.
You visited the Abyss 1 time.

You collected 1021 gold pieces.

Inventory:

Hand Weapons
 g - a +0 quarterstaff of pain
 h - a +0 hunting sling
 L - a +3 lajatang of flaming
Missiles
 i - 282 stones
 j - 115 sling bullets
 v - 15 poisoned darts (quivered)
 P - 5 curare-tipped darts
Armour
 y - a +2 cloak (worn)
 C - a +2 troll leather armour (worn)
 N - a +2 hat (worn)
Jewellery
 n - an uncursed ring of resist corrosion
 x - an uncursed ring of protection from cold
 F - an amulet of magic regeneration (around neck)
 I - a +6 ring of strength (left claw)
 M - a ring of stealth (right claw)
Wands
 a - a wand of iceblast (18)
 w - a wand of polymorph (19)
 E - a wand of acid (20)
 H - a wand of paralysis (14)
 K - a wand of flame (48)
Scrolls
 b - 2 scrolls of magic mapping
 c - 2 scrolls of fear
 d - 3 scrolls of torment
 e - 6 scrolls of teleportation
 f - 2 scrolls of blinking
 k - 10 scrolls of remove curse
 s - a scroll of immolation {unknown}
 D - 2 scrolls of summoning {unknown}
 G - 2 scrolls of identify
 J - 2 scrolls of enchant weapon {unknown}
 R - a scroll of fog {unknown}
 S - a scroll of random uselessness {unknown}
Potions
 l - 2 potions of heal wounds
 m - 3 potions of brilliance
 o - 2 potions of might
 p - 11 potions of curing
 q - 2 potions of mutation {unknown}
 r - 5 potions of flight
 t - a potion of ambrosia {unknown}
 u - a potion of resistance {unknown}
 z - 3 potions of cancellation {unknown}
 A - 3 potions of lignification {unknown}
 B - 3 potions of haste
Miscellaneous
 O - a box of beasts


   Skills:
 + Level 10.2 Fighting
 - Level 7.0 Throwing
 + Level 6.7 Armour
 + Level 11.9 Dodging
 + Level 13.9 Unarmed Combat


You had 13 spell levels left.
You didn't know any spells.
Your spell library was empty.

Dungeon Overview and Level Annotations

Branches:
Dungeon (15/15)            Temple (0/1) D:6            Lair (0/6) D:11
    Orc (0/2) D:10         Vaults (0/5) D:14         Depths (0/5) D:15

Altars:
Ashenzari
Cheibriados
Fedhas
Gozag
Makhleb
Ru
Sif Muna
Vehumet
Wu Jian
Xom
Yredelemnul
The Shining One

Shops:
D:6 [   D:9 =   D:12 }

Annotations:
D:13 Sonja


Innate Abilities, Weirdness & Mutations

You are too large for most types of armour.
You have claws for hands.
Your natural rate of healing is unusually fast.
You are covered in fur. (AC +1)
You have extremely tough skin. (AC +3)


Message History

* * * LOW HITPOINT WARNING * * *
You are engulfed in calcifying dust.
The catoblepas breathes a plume of calcifying dust at you.
The blast of calcifying dust hits you.
* * * LOW HITPOINT WARNING * * *
The brown ugly thing completely misses you.
The white ugly thing tail-slaps you!
* * * LOW HITPOINT WARNING * * *
The white ugly thing freezes you!!
* * * LOW HITPOINT WARNING * * *
You turn to flesh and can move again.
You feel much better. The catoblepas barely misses you.
The brown ugly thing claws you.
* * * LOW HITPOINT WARNING * * *
You are splashed with acid!
* * * LOW HITPOINT WARNING * * *
The white ugly thing tail-slaps you!
* * * LOW HITPOINT WARNING * * *
The white ugly thing freezes you!!
You die...

## .# ....u .# ....# .# ..Y.##
.# .....# .# u....##
##################......#
##...#..#..##.#§u#...##
........#......#@u....#
##......#......#)Y....#
##...####.##..####..###########
##...####.##..#########.(.....#
...........#..............#...#
...........'..............#...#
##...###..###..#######...###..#
##...###..###..###.###...###..#
............#..............#..#


You could see a catoblepas and 2 ugly things.

Vanquished Creatures
  Rupert (D:13)
  A tentacled starspawn (Abyss:1)
  3 slime creatures
  Azrael (D:13)
  Josephine (D:12)
  An ogre mage (D:14)
  A rakshasa (D:15)
  2 centaur warriors (D:14)
  2 boulder beetles
  5 two-headed ogres
  A wretched star (Abyss:1)
  A glowing orange brain (D:15)
  Pikel (D:6)
  A deep elf mage (D:12)
  3 manticores
  9 ugly things (D:15)
  3 cyclopes (D:13)
  A black mamba (shapeshifter) (D:15)
  A gargoyle (D:13)
  An orange demon (Abyss:1)
  A kobold demonologist (D:15)
  3 komodo dragons (D:14)
  Maggie (D:6)
  4 yaktaurs
  2 efreet
  A demonic crawler (Abyss:1)
  An ancient zyme (Abyss:1)
  A meliai (shapeshifter) (D:15)
  7 trolls
  A hornet (D:11)
  Grinder (D:5)
  A harpy skeleton (D:15)
  A meliai zombie (D:15)
  A vampire (D:11)
  10 wraiths
  3 wyverns
  2 fire elementals (D:13)
  A ynoxinul (Abyss:1)
  20 yaks
  2 humans (shapeshifter)
  A basilisk (D:15)
  2 steam dragons
  Menkaure (D:4)
  2 large abominations (Abyss:1)
  3 wargs (D:11)
  4 acid dragons
  5 hell hounds
  3 water moccasins
  3 sky beasts
  6 orc warriors
  7 ice beasts
  2 necrophages
  A phantom (D:11)
  8 ogres
  A hornet zombie (D:7)
  3 eyes of draining
  7 centaurs
  3 small abominations (Abyss:1)
  3 big kobolds
  9 bullfrogs
  A gnoll sergeant (D:7)
  A wyvern zombie (D:11)
  A water moccasin zombie (D:6)
  A wyvern skeleton (D:12)
  A troll zombie (D:14)
  9 scorpions
  12 killer bees
  9 wights
  A troll skeleton (D:14)
  2 electric eels (D:8)
  3 howler monkeys (D:10)
  3 bullfrog zombies
  A crimson imp (D:5)
  A starcursed mass (Abyss:1)
  3 jellies
  2 quasits
  4 centaur zombies
  8 hounds
  3 human zombies (D:14)
  6 orc priests
  Crazy Yiuf (D:5)
  A gnoll shaman (D:7)
  4 bullfrog skeletons
  4 centaur skeletons
  Ijyb (D:4)
  4 iguanas
  Natasha (D:3)
  A human skeleton (D:14)
  15 orc wizards
  9 worker ants
  A hound zombie (D:7)
  A hound skeleton (D:7)
  A mummy (D:8)
  A howler monkey zombie (D:11)
  2 worker ant zombies
  8 gnolls (D:7)
  16 adders
  A shadow imp (D:7)
  2 white imps
  An ufetubus (D:5)
  2 oozes
  2 adder zombies
  3 worms
  The ghost of Forgeling the Sneak, a weakling PaDe (D:5)
  4 dart slugs
  7 leopard geckos
  43 orcs
  2 ball pythons
  10 giant cockroaches
  9 goblins
  5 hobgoblins
  7 jackals
  6 quokkas
  6 bats
  8 frilled lizards
  18 kobolds
  A leopard gecko skeleton (D:4)
  An orc skeleton (D:14)
  An orc zombie (D:14)
  A quokka skeleton (D:8)
  8 rats
470 creatures vanquished.

Vanquished Creatures (collateral kills)
  A bone dragon (Abyss:1)
  A tentacled starspawn (Abyss:1)
  A fire dragon (D:15)
  A rakshasa (D:15)
  A catoblepas (D:15)
  A two-headed ogre (D:9)
  2 thrashing horrors (Abyss:1)
  2 slime creatures (D:15)
  A smoke demon (Abyss:1)
  A centaur skeleton (D:15)
  An orange demon (Abyss:1)
  An ancient zyme (Abyss:1)
  A blink frog (shapeshifter) (D:15)
  A raiju (Abyss:1)
  A shadow (D:15)
  5 yaks (D:14)
  A centaur (D:12)
  A wight (D:8)
  4 starcursed masses (Abyss:1)
  2 hounds
  An orc wizard (D:9)
  2 orcs (D:9)
  2 kobolds (D:8)
  2 starspawn tentacles (Abyss:1)
37 creatures vanquished.

Vanquished Creatures (others)
  A centaur warrior (D:13)
  An unseen horror (D:13)
  A centaur simulacrum (D:13)
  A yak (D:11)
  A shadow (D:14)
  An ice beast (D:13)
  A centaur (D:13)
  An orc wizard (D:11)
  13 plants (D:8)
  4 starspawn tentacles (Abyss:1)
25 creatures vanquished.

Grand Total: 532 creatures vanquished

Notes
Turn   | Place    | Note
-------+----------+-------------------------------------------
     0 | D:1      | muata the Troll Berserker began the quest for the Orb.
     0 | D:1      | Reached XP level 1. HP: 22/22 MP: 0/0
    99 | D:1      | Reached XP level 2. HP: 29/29 MP: 1/1
   379 | D:1      | Reached XP level 3. HP: 36/36 MP: 2/2
   380 | D:1      | Reached ** piety under Trog
   908 | D:2      | Reached skill level 4 in Unarmed Combat
   908 | D:2      | Reached XP level 4. HP: 44/44 MP: 3/3
  1385 | D:2      | Found a shimmering altar of Xom.
  1754 | D:3      | Reached *** piety under Trog
  1840 | D:3      | Reached XP level 5. HP: 53/53 MP: 4/4
  1864 | D:3      | Noticed Natasha
  1868 | D:3      | Killed Natasha
  2067 | D:4      | Noticed Ijyb
  2093 | D:4      | Killed Ijyb
  2269 | D:4      | Reached XP level 6. HP: 62/62 MP: 5/5
  2405 | D:4      | Noticed Menkaure
  2411 | D:4      | Reached skill level 5 in Unarmed Combat
  2414 | D:4      | Killed Menkaure
  2422 | D:4      | Reached XP level 7. HP: 70/70 MP: 6/6
  2557 | D:4      | Found a blossoming altar of Fedhas.
  2638 | D:4      | Reached **** piety under Trog
  2815 | D:5      | Entered Level 5 of the Dungeon
  2904 | D:5      | Noticed Forgeling's ghost (weakling PaDe)
  2905 | D:5      | Found a transporter.
  3018 | D:5      | Found a runed translucent door.
  3019 | D:5      | Noticed Crazy Yiuf
  3078 | D:5      | Reached skill level 6 in Unarmed Combat
  3170 | D:5      | Found an opulent altar of Gozag.
  3379 | D:5      | Noticed Grinder
  3391 | D:5      | Killed Grinder
  3392 | D:5      | Reached skill level 5 in Fighting
  3392 | D:5      | Reached skill level 5 in Dodging
  3392 | D:5      | Reached XP level 8. HP: 80/80 MP: 7/7
  3458 | D:5      | Found a radiant altar of Vehumet.
  3458 | D:5      | Found a burning altar of Makhleb.
  3652 | D:5      | Noticed a moth of wrath
  3838 | D:5      | Found a transporter.
  3842 | D:5      | Killed Forgeling's ghost
  3992 | D:5      | Killed Crazy Yiuf
  4208 | D:6      | Noticed Maggie
  4213 | D:6      | Killed Maggie
  4214 | D:6      | Reached skill level 7 in Unarmed Combat
  4347 | D:6      | Noticed Pikel
  4355 | D:6      | Killed Pikel
  4356 | D:6      | Reached XP level 9. HP: 89/89 MP: 8/8
  4441 | D:6      | Found a staircase to the Ecumenical Temple.
  4587 | D:6      | Reached skill level 8 in Unarmed Combat
  4648 | D:6      | Found Duduul's Antique Armour Shop.
  5108 | D:7      | Reached ***** piety under Trog
  5355 | D:7      | Noticed a troll
  5361 | D:7      | Killed a troll
  5525 | D:7      | Reached skill level 9 in Unarmed Combat
  5641 | D:8      | Reached XP level 10. HP: 102/102 MP: 9/9
  6280 | D:8      | Found a snail-covered altar of Cheibriados.
  6653 | D:9      | Received a gift from Trog
  6755 | D:9      | Found Juraen's Jewellery Shop.
  6988 | D:9      | Found an ornate altar of the Wu Jian Council.
  6990 | D:9      | Found a sacrificial altar of Ru.
  6990 | D:9      | Found a shimmering blue altar of Sif Muna.
  6991 | D:9      | Found a broken altar of Ashenzari.
  7162 | D:9      | Found a glowing golden altar of the Shining One.
  7435 | D:9      | Noticed a two-headed ogre
  7441 | D:9      | Killed a two-headed ogre
  7442 | D:9      | Reached skill level 10 in Unarmed Combat
  7728 | D:10     | Entered Level 10 of the Dungeon
  8442 | D:10     | Found a staircase to the Orcish Mines.
  8962 | D:10     | Reached XP level 11. HP: 88/112 MP: 10/10
  9181 | D:11     | Found a shimmering altar of Xom.
  9209 | D:11     | Paralysed by a hornet for 3 turns
  9216 | D:11     | Received a gift from Trog
  9439 | D:11     | Noticed a boulder beetle
  9443 | D:11     | Killed a boulder beetle
  9540 | D:11     | Reached skill level 11 in Unarmed Combat
  9584 | D:11     | Found a staircase to the Lair.
 10063 | D:12     | Noticed a two-headed ogre
 10149 | D:12     | Killed a two-headed ogre
 10243 | D:12     | Noticed Josephine
 10284 | D:12     | Killed Josephine
 10291 | D:12     | Reached XP level 12. HP: 80/126 MP: 11/11
 10303 | D:12     | Reached skill level 10 in Dodging
 10403 | D:12     | Reached skill level 10 in Fighting
 10644 | D:12     | Noticed a two-headed ogre
 10683 | D:12     | Killed a two-headed ogre
 10689 | D:12     | Reached skill level 1 in Throwing
 10706 | D:12     | Found Tuciklis's Gadget Emporium.
 10760 | D:12     | Reached skill level 1 in Armour
 10760 | D:12     | Reached skill level 12 in Unarmed Combat
 10992 | D:13     | Noticed Sonja
 11049 | D:13     | Cast into level 1 of the Abyss (Sonja)
 11072 | Abyss:1  | Found a basalt altar of Yredelemnul.
 11130 | Abyss:1  | Noticed a tentacled starspawn
 11145 | Abyss:1  | Lost intelligence.
 11172 | Abyss:1  | Noticed a tentacled starspawn
 11185 | Abyss:1  | Killed a tentacled starspawn
 11186 | Abyss:1  | Noticed a starcursed mass
 11272 | Abyss:1  | Noticed a bone dragon
 11282 | Abyss:1  | Killed a bone dragon
 11286 | Abyss:1  | Noticed a tentacled starspawn
 11319 | Abyss:1  | Killed a tentacled starspawn
 11324 | D:13     | Escaped the Abyss
 11439 | D:13     | Reached XP level 13. HP: 58/133 MP: 12/12
 11518 | D:13     | Noticed Azrael
 11613 | D:13     | Noticed Rupert
 11639 | D:13     | Killed Rupert
 11732 | D:13     | Reached skill level 5 in Throwing
 11887 | D:13     | Killed Azrael
 11888 | D:13     | Reached skill level 13 in Unarmed Combat
 12162 | D:13     | Noticed a stone giant
 12702 | D:14     | Reached skill level 5 in Armour
 12915 | D:14     | HP: 3/133 [two-headed ogre/+0 giant club (5)]
 13051 | D:14     | Found a gate to the Vaults.
 13488 | D:14     | Found a basalt altar of Yredelemnul.
 13742 | D:15     | Entered Level 15 of the Dungeon
 13776 | D:15     | Noticed a fire dragon
 13787 | D:15     | Killed a fire dragon
 13988 | D:15     | Reached XP level 14. HP: 129/143 MP: 13/13
 14431 | D:15     | Found a staircase to the Depths.
 14622 | D:15     | Mangled by a white ugly thing

Illustrated notes

Levels and vault maps discovered:
D:1:      dpeg_chamrin_arrival_tetris, layout_basic, grunt_decor_resistance,
          minmay_misc_feat_encased, nrook_loot_triangle
D:2:      layout_loops_cross, general_overflow_altar, kennysheep_generic_room_7
D:3:      layout_rooms, uniq_natasha
D:4:      layout_rooms, fedhas_altar_4, serial_curves, eino_curves_03,
          eino_curves_03, uniq_ijyb, uniq_menkaure
D:5:      layout_basic, grunt_temple_overflow_lords_of_destruction, tgw_trog,
          lemuel_crystal_altar, gammafunk_ghost_smash, uniq_crazy_yiuf_cottage,
          uniq_grinder
D:6:      layout_basic, minmay_temple_entry_arrows, serial_shops,
          nicolae_shop_behind_doors, uniq_maggie, uniq_pikel
D:7:      layout_loops_ring
D:8:      layout_basic, slow_altar_2, serial_bayou_lagoon_b
D:9:      layout_loops_corners, minitemple, nicolae_overflow_hidden_temple,
          serial_shops, shop_fountains
D:10:     layout_irregular_city, david_orc_3, blue_anna_alchemist
          [blue_anna_fruit_fields, blue_anna_fruit_fields]
D:11:     layout_roguey, erik_lair_orcish_takeover, minivault_11,
          hangedman_abyss_or_decor_slice, xom_confusion_cloud
D:12:     wander_river, layout_rooms, serial_shops, nicolae_shop_waterfront,
          uniq_josephine
D:13:     layout_long_grid, kennysheep_island_fort, uniq_rupert, uniq_sonja,
          uniq_azrael
D:14:     layout_loops_cross, david_vaults_2, lemuel_mausoleum_altar_yredelemnul
D:15:     gammafunk_enter_depths_forms, layout_gridville, serial_shops, shop

Skill      XL: |  1  2  3  4  5  6  7  8  9 10 11 12 13 14 |
---------------+-------------------------------------------+-----
Dodging        | 3 4 5 6 7 8 9 10 11 | 11.9
Unarmed Combat | 4 5 6 7 9 10 11 12 13 | 13.9
Fighting       | 3 4 5 6 7 8 9 10 | 10.2
Throwing       | 4 6 7 |  7.0
Armour         | 3 6 |  6.7

Action                   |  1- 3 |  4- 6 |  7- 9 | 10-12 | 13-15 || total
-------------------------+-------+-------+-------+-------+-------++-------
Melee: Unarmed           |    62 |   195 |   246 |   621 |   352 ||  1476
       Punch             |     1 |     1 |     7 |    31 |    34 ||    74
 Fire: Hunting sling     |       |     6 |       |       |       ||     6
Throw: Stone             |       |     4 |     5 |    10 |     1 ||    20
       Boomerang         |       |       |       |     5 |       ||     5
       Dart              |       |       |       |     3 |     8 ||    11
Invok: Berserk           |       |     2 |    10 |    17 |    14 ||    43
       Trog's Hand       |       |       |     1 |    10 |    15 ||    26
       Brothers in Arms  |       |       |       |     5 |     4 ||     9
  Use: Scroll            |       |       |       |    16 |     7 ||    23
       Potion            |       |       |       |       |     4 ||     4
 Stab: Sleeping          |     1 |     1 |       |     1 |     8 ||    11
       Petrified         |       |       |       |       |     2 ||     2
Armor: Animal skin       |    24 |    80 |    21 |       |       ||   125
       Skin              |       |     5 |       |       |       ||     5
       Troll leather arm |       |       |    42 |   188 |    90 ||   320
Dodge: Dodged            |    24 |   163 |   127 |   397 |   182 ||   893

Table legend: (Time is in decaauts)
 A = Elapsed time spent in this place.
 B = Non-inter-level travel time spent in this place.
 C = Inter-level travel time spent in this place.
 D = Time resting spent in this place.
 E = Time spent auto-exploring this place.
 F = Levels seen in this place.
 G = Mean time per level.
                   A        B        C        D        E       F      G
               +--------+--------+--------+--------+--------+-----+--------+
         Total |  14827 |  13422 |   1405 |   1544 |   7171 |  16 |  926.7 |
       Dungeon |  14519 |  13114 |   1405 |   1510 |   7171 |  15 |  967.9 |
         Abyss |    307 |    307 |      0 |     34 |      0 |   1 |  307.0 |
               +--------+--------+--------+--------+--------+-----+--------+

Top non-repeatable levels by time:
     D:9: 1427 daAuts
     D:5: 1319 daAuts
     D:8: 1301 daAuts
    D:13: 1255 daAuts
    D:12: 1153 daAuts
    D:11: 1004 daAuts
    D:14: 991 daAuts
     D:6: 934 daAuts
    D:15: 883 daAuts
    D:10: 814 daAuts
     D:1: 799 daAuts
     D:4: 759 daAuts
     D:2: 643 daAuts
     D:7: 621 daAuts
     D:3: 611 daAuts
